 Dungeon Crawl Stone Soup version 0.26-a0-667-g92642533e4 (webtiles) character file.

Game seed: 10187264635838324400

29666 jasper the Fighter (level 13, -3/72 HPs)
             Began as a Vine Stalker Brigand on Oct 17, 2020.
             Was a High Priest of Ashenzari.
             Slain by a death yak (17 damage)
             ... on level 5 of the Lair of Beasts.
             The game lasted 00:37:37 (16270 turns).

jasper the Fighter (Vine Stalker Brigand)          Turns: 16270, Time: 00:37:37

Health: -3/72      AC: 15    Str: 14    XL:     13   Next: 46%
Magic:  0/14       EV: 14    Int: 19    God:    Ashenzari [*****.]
Gold:   387        SH:  7    Dex: 22    Spells: 6/12 levels left

rFire    + . .     SeeInvis +     - Unarmed
rCold    . . .     Faith    .   h - +1 buckler
rNeg     . . .     Spirit   +   Q - +1 ring mail "Sieheeni" {+Inv Dex+3}
rPois    .         Reflect  .   l - +0 helmet
rElec    .         Harm     .   d - +1 cloak (curse)
rCorr    .         Rampage  .   C - +2 pair of gloves (curse)
MR       +....     Clarity  +   t - +0 pair of boots
Stlth    +++.......             y - amulet of magic regeneration (curse)
HPRegen  1.02/turn              R - ring of protection from fire (curse)
MPRegen  0.39/turn              L - +6 ring of intelligence (curse)

@: very slightly contaminated, invisible
A: fangs 3, regeneration 2, magic shield, antimagic bite, no potion heal 3, rot
immunity
a: Curse Item, Scrying, Transfer Knowledge, Renounce Religion


You were on level 5 of the Lair of Beasts.
You worshipped Ashenzari.
Ashenzari was extremely pleased with you.
You visited 4 branches of the dungeon, and saw 19 of its levels.

You collected 1227 gold pieces.
You spent 840 gold pieces at shops.

Inventory:

Missiles
 g - 396 stones (quivered)
 F - 3 atropa-tipped darts
 H - 30 poisoned darts
 V - 9 boomerangs
Armour
 d - a cursed +1 cloak (worn)
 f - a scarf of invisibility
 h - a +1 buckler (worn)
 l - a +0 helmet (worn)
 t - a +0 pair of boots (worn)
 C - a cursed +2 pair of gloves (worn)
 M - the +1 ring mail of Immorality {+Inv}
   (You found it on level 9 of the Dungeon)

   It lets you turn invisible.
 Q - the +1 ring mail "Sieheeni" (worn) {+Inv Dex+3}
   (You found it on level 9 of the Dungeon)

   It affects your dexterity (+3).
   It lets you turn invisible.
 T - a +0 kite shield
Jewellery
 w - an uncursed ring of stealth
 y - a cursed amulet of magic regeneration (around neck)
 J - an uncursed ring of see invisible
 K - an uncursed amulet of reflection
 L - a cursed +6 ring of intelligence (right hand)
 R - a cursed ring of protection from fire (left hand)
 S - an uncursed ring of ice
Wands
 a - a wand of flame (12)
 B - a wand of digging (11)
 I - a wand of enslavement (19)
 P - a wand of random effects (6)
 X - a wand of disintegration (13)
Scrolls
 b - 2 scrolls of vulnerability
 j - 8 scrolls of teleportation
 m - 6 scrolls of enchant weapon
 p - 5 scrolls of amnesia
 s - a scroll of magic mapping
 z - 3 scrolls of immolation
 A - 3 scrolls of random uselessness
 E - 2 scrolls of enchant armour
 U - 2 scrolls of silence
 Y - 3 scrolls of remove curse
 Z - a scroll of fog
Potions
 e - 3 potions of degeneration
 i - 3 potions of flight
 n - 5 potions of cancellation
 o - 3 potions of brilliance
 r - 7 potions of curing
 v - a potion of heal wounds
 x - a potion of might
 D - 2 potions of invisibility
 G - 5 potions of magic {unknown}
 N - 2 potions of resistance
 O - a potion of mutation {unknown}
 W - a potion of berserk rage {unknown}


   Skills:
 + Level 10.3 Fighting
   Level 1.7 Short Blades
 - Level 1.7 Throwing
 - Level 5.0 Armour
 - Level 4.6 Dodging
 - Level 4.8 Stealth
 - Level 4.0 Shields
 - Level 10.0 Unarmed Combat
 * Level 9.0(12.9) Transmutations
 * Level 9.0(12.9) Earth Magic
 - Level 6.0(10.0) Evocations


You had 6 spell levels left.
You knew the following spells:

 Your Spells              Type           Power        Failure   Level
a - Statue Form           Tmut/Erth      #####....    30%         6

Your spell library contained the following spells:

 Spells                   Type           Power        Failure   Level
 Leda's Liquefaction      Hex/Erth       ####......   24%         4
 Bolt of Magma            Conj/Fire/Erth ###.......   85%         5
 Iron Shot                Conj/Erth      ####......   98%         6
 Shatter                  Erth           #####.....   100%        9


Dungeon Overview and Level Annotations

Branches:
Dungeon (11/15)            Temple (1/1) D:5            Lair (6/6) D:11
    Orc (1/2) D:9
  Swamp: Lair:2-4    Shoals: Lair:2-4     Snake: Lair:2-4    Spider: Lair:2-4
  Slime: Lair:5-6

Altars:
Ashenzari
Elyvilon
Gozag
Hepliaklqana
Kikubaaqudgha
Makhleb
Okawaru
Ru
Sif Muna
Uskayaw
Xom
Zin
The Shining One

Shops:
D:7 [   D:9 :   D:11 !

Annotations:
D:3 2 transporters, robertstho's ghost, amateur KoHu
D:9 exclusion: troll
Temple Prince Ribbit
Lair:3 exclusion: oklob plant


Innate Abilities, Weirdness & Mutations

You have razor-sharp teeth.
You heal very quickly.
When hurt, damage is shared between your health and your magic reserves.
Your bite disrupts and absorbs the magic of your enemies.
Potions cannot restore your health.
You are immune to rotting.


Message History

You are too injured to fight recklessly!
You hit the death yak but do no damage. You bite the death yak.
You drain its power.
You feel invigorated.
The death yak is lightly wounded.
The death yak barely misses you. x2
You regained 6 mp, and now have 12/14 mp.
You barely miss the death yak.
The death yak is lightly wounded.
The death yak gores you!
The death yak bellows!
You take 11 damage, and have 24/72 hp.
You now have 8/14 mp.
The death yak closely misses you.
You hit the death yak.
You bite the death yak, but do no damage.
The death yak is lightly wounded.
The death yak gores you!
* * * LOW HITPOINT WARNING * * *
You take 12 damage, and have 13/72 hp.
You now have 4/14 mp.
The death yak gores you!!
You die...

....#
##................##....#..
...##
#P................###....#.
...#
##...............###f....#.
...#
##...............##....#.#
...#
#...............###....##.
..##
##...............####....#P
..##
#..........†.....#.#....##.
...#
##........Y.>......#....##.
...#
##.......@Y......##....###
...#
##......####....##.....###
..######f.....##
###...........#.
...##P###....##
#.............#.
.......P......#
##...........P#.
............###
#.......[......
.............#
#............#P
.............#
##..........#..
..##..##.....#
##...........##


You could see 2 death yaks.

Vanquished Creatures
  A boulder beetle (D:10)
  5 hydras
  An unseen horror (D:10)
  2 ugly things (D:11)
  3 black mambas
  7 elephants
  10 cane toads
  Maggie (D:7)
  6 komodo dragons
  2 polar bears
  4 dream sheep (Lair:5)
  37 yaks
  A wraith (D:11)
  2 wyverns
  4 basilisks
  16 water moccasins
  Duvessa (D:6)
  4 orc warriors
  A necrophage (D:9)
  3 sky beasts
  3 black bears
  9 wolves
  4 ogres
  12 centaurs
  19 bullfrogs
  Dowan (D:6)
  A scorpion (D:5)
  7 wights
  An electric eel (D:9)
  5 howler monkeys
  2 quasits
  2 gnoll shamans
  7 hounds
  A jelly (D:11)
  A bullfrog zombie (D:6)
  Crazy Yiuf (D:2)
  2 bullfrog skeletons
  4 orc priests
  A centaur skeleton (D:9)
  Terence (D:2)
  3 iguanas
  10 worker ants
  9 orc wizards
  A hound skeleton (D:10)
  A worker ant zombie (D:8)
  17 gnolls
  14 adders
  4 white imps
  An ufetubus (D:8)
  An ooze (D:1)
  An adder skeleton (D:4)
  An adder zombie (D:5)
  2 worms
  5 leopard geckos
  42 orcs
  4 ball pythons
  9 giant cockroaches
  8 goblins
  6 hobgoblins
  4 jackals
  5 quokkas
  7 bats
  9 frilled lizards
  9 kobolds
  2 leopard gecko skeletons
  A quokka skeleton (D:4)
  9 rats
  A butterfly (Lair:1)
381 creatures vanquished.

Vanquished Creatures (collateral kills)
  3 elephants (Lair:5)
  A water moccasin (Lair:5)
  A scorpion (D:7)
  An orc (D:7)
6 creatures vanquished.

Vanquished Creatures (others)
  An orc warrior (D:7)
  A jelly (D:6)
  An orc wizard (D:11)
  27 fungi
  39 plants
69 creatures vanquished.

Grand Total: 456 creatures vanquished

Notes
Turn   | Place    | Note
-------+----------+-------------------------------------------
     0 | D:1      | jasper the Vine Stalker Brigand began the quest for the
                  | Orb.
     0 | D:1      | Reached XP level 1. HP: 11/11 MP: 2/2
   209 | D:1      | Reached XP level 2. HP: 15/15 MP: 3/3
   363 | D:1      | Reached skill level 1 in Armour
   672 | D:1      | Reached XP level 3. HP: 14/19 MP: 4/4
  1705 | D:2      | Noticed Terence
  1719 | D:2      | Gained mutation: Your natural rate of healing is unusually
                  | fast. [Vine Stalker growth]
  1719 | D:2      | Reached XP level 4. HP: 22/23 MP: 5/5
  1725 | D:2      | Killed Terence
  1756 | D:2      | Found a sacrificial altar of Ru.
  1760 | D:2      | Found a white marble altar of Elyvilon.
  1760 | D:2      | Found a broken altar of Ashenzari.
  1760 | D:2      | Found an opulent altar of Gozag.
  1767 | D:2      | Found an ancient bone altar of Kikubaaqudgha.
  1767 | D:2      | Found a glowing golden altar of the Shining One.
  1782 | D:2      | Became a worshipper of Ashenzari the Shackled
  2055 | D:2      | Found a runed translucent door.
  2056 | D:2      | Noticed Crazy Yiuf
  2070 | D:2      | Killed Crazy Yiuf
  2070 | D:2      | Reached XP level 5. HP: 28/28 MP: 6/6
  2328 | D:2      | Reached skill level 1 in Shields
  2807 | D:3      | Noticed an orc warrior
  2870 | D:3      | Killed an orc warrior
  2870 | D:3      | Reached XP level 6. HP: 33/33 MP: 7/7
  3054 | D:3      | Found a transporter.
  3057 | D:3      | Noticed robertstho's ghost (amateur KoHu)
  3062 | D:3      | Found a transporter.
  3691 | D:4      | Found a shimmering altar of Xom.
  3692 | D:4      | Found a shimmering altar of Xom.
  3693 | D:4      | Found a shimmering altar of Xom.
  3693 | D:4      | Found a shimmering altar of Xom.
  3693 | D:4      | Found a shimmering altar of Xom.
  3699 | D:4      | Found a shimmering altar of Xom.
  3733 | D:4      | Reached XP level 7. HP: 38/38 MP: 8/8
  4102 | D:4      | Found a hide-covered altar of Uskayaw.
  4102 | D:4      | Found a hazy altar of Hepliaklqana.
  4107 | D:4      | Found a faded altar of an unknown god.
  4109 | D:4      | Found a burning altar of Makhleb.
  4111 | D:4      | Found an iron altar of Okawaru.
  4557 | D:5      | Entered Level 5 of the Dungeon
  4739 | D:5      | Found a staircase to the Ecumenical Temple.
  4743 | D:5      | Reached * piety under Ashenzari
  4789 | D:5      | Reached skill level 5 in Fighting
  4789 | D:5      | Gained mutation: You have razor-sharp teeth. [Vine Stalker
                  | growth]
  4789 | D:5      | Reached XP level 8. HP: 22/43 MP: 5/9
  5088 | D:5      | Reached skill level 1 in Evocations
  5223 | D:6      | Noticed Duvessa
  5224 | D:6      | Noticed Dowan
  5248 | D:6      | Killed Duvessa
  5250 | D:6      | Killed Dowan
  5776 | D:6      | Found a shimmering blue altar of Sif Muna.
  5882 | D:6      | Noticed Prince Ribbit
  5911 | D:6      | Reached skill level 5 in Armour
  6045 | D:6      | Reached skill level 1 in Dodging
  6045 | D:6      | Reached skill level 1 in Unarmed Combat
  6211 | Temple   | Entered the Ecumenical Temple
  6364 | D:6      | Reached XP level 9. HP: 33/48 MP: 10/10
  6892 | D:7      | Found Yhiutacu's Antique Armour Shoppe.
  7188 | D:7      | Noticed Maggie
  7822 | D:8      | Found a glowing silver altar of Zin.
  7942 | D:9      | Got the uncursed ring mail of Immorality {+Inv}
  7953 | D:9      | Identified the +1 ring mail of Immorality {+Inv} (You found
                  | it on level 9 of the Dungeon)
  8013 | D:9      | Reached ** piety under Ashenzari
  8089 | D:9      | Noticed a troll
  8184 | D:9      | Got the cursed ring mail "Sieheeni" {+Inv Dex+3}
  8195 | D:9      | Identified the cursed +1 ring mail "Sieheeni" {+Inv Dex+3}
                  | (You found it on level 9 of the Dungeon)
  8264 | D:9      | Found a staircase to the Orcish Mines.
  8406 | D:9      | Found Giryb's Book Shop.
  8629 | D:10     | Entered Level 10 of the Dungeon
  8668 | D:9      | Reached skill level 5 in Unarmed Combat
  8707 | D:9      | Reached XP level 10. HP: 55/55 MP: 11/11
  8848 | D:10     | Noticed an unseen horror
  8859 | D:10     | Reached skill level 5 in Evocations
  8917 | D:10     | Killed an unseen horror
  9693 | D:11     | Noticed a green ugly thing
  9744 | Orc:1    | Entered Level 1 of the Orcish Mines
  9744 | Orc:1    | Noticed an orc sorcerer
  9754 | Orc:1    | Paralysed by an orc sorcerer for 5 turns
  9760 | Orc:1    | Noticed a sun demon
  9767 | D:9      | Noticed an orange demon
  9773 | D:9      | HP: 2/56 [orc sorcerer/bolt of fire (11)]
  9964 | D:7      | Killed Maggie
 10439 | D:11     | Noticed a cyan ugly thing
 10451 | D:11     | Killed a cyan ugly thing
 10562 | D:11     | Reached XP level 11. HP: 55/60 MP: 12/12
 10611 | D:9      | Bought a book of the Earth for 780 gold pieces
 10618 | D:9      | Learned a level 6 spell: Statue Form
 10699 | D:11     | Reached skill level 1 in Transmutations
 10699 | D:11     | Reached skill level 1 in Earth Magic
 11014 | D:11     | Noticed a boulder beetle
 11175 | D:10     | Killed a boulder beetle
 11278 | D:11     | Reached *** piety under Ashenzari
 11377 | D:11     | Found Etuus's Distillery.
 11423 | D:11     | Killed a green ugly thing
 11429 | D:11     | Found a staircase to the Lair.
 11439 | D:11     | Bought a potion of might for 60 gold pieces
 11773 | Lair:1   | Entered Level 1 of the Lair of Beasts
 12163 | Lair:1   | Gained mutation: You heal very quickly. [Vine Stalker
                  | growth]
 12163 | Lair:1   | Reached XP level 12. HP: 53/66 MP: 10/13
 12222 | Lair:1   | Reached skill level 10 in Unarmed Combat
 12383 | Lair:1   | Noticed a six-headed hydra
 12589 | Lair:1   | Killed a six-headed hydra
 12589 | Lair:1   | Reached skill level 5 in Earth Magic
 12632 | Lair:1   | Reached skill level 5 in Transmutations
 12673 | Lair:1   | Noticed a four-headed hydra
 12682 | Lair:1   | Killed a four-headed hydra
 13958 | Lair:3   | Reached **** piety under Ashenzari
 14246 | Lair:3   | Noticed a boulder beetle
 14257 | Lair:4   | Noticed a catoblepas
 14439 | Lair:4   | Reached XP level 13. HP: 69/72 MP: 14/14
 14674 | Lair:4   | Reached skill level 10 in Fighting
 16114 | Lair:5   | Reached ***** piety under Ashenzari
 16253 | Lair:6   | Entered Level 6 of the Lair of Beasts
 16253 | Lair:6   | Identified the +0 cloak of Zeimm {+Blink rN+ Stlth+}
 16270 | Lair:5   | Slain by a death yak

Illustrated notes

Levels and vault maps discovered:
D:1:      heliophobic_arrival_battle_scene, layout_basic
D:2:      layout_basic, minmay_overflow_temple_hex, uniq_terence,
          uniq_crazy_yiuf_cottage
D:3:      layout_basic, gammafunk_ghost_smash, minmay_circle_x
D:4:      layout_loops_ring, chequers_temple_overflow_minitemple,
          xom_redecorated
D:5:      layout_basic, minmay_temple_entry_wispy
D:6:      layout_basic, lemuel_round_altar, lemuel_flame_loot_1,
          uniq_prince_ribbit1, uniq_duvessa
D:7:      layout_basic, serial_shops, nicolae_shop_trees, uniq_maggie
D:8:      layout_basic, basic_altar
D:9:      lemuel_ice_spiral_2, layout_basic, orc_0_dummy, serial_shops, shop
D:10:     layout_long_grid
D:11:     layout_loops_ring, david_lair_generic, serial_shops, kennysheep_mini
Temple:   minmay_temple_curvy_loop
Lair:1:   layout_regular_city, serial_bayou_shore_b, grunt_megastairs_3,
          lemuel_fruit_fields
Lair:2:   layout_small_grid, guppyfry_lair_drakes
Lair:3:   layout_cave_pods, minmay_shoals_entry_centaurs,
          nicolae_spider_entry_orb_guardian, grunt_megastairs_2,
          lemuel_fruit_fields, minmay_lair_oklob_chamber, serial_bayou_shore_a,
          lemuel_fruit_tree
Lair:4:   layout_regular_city, serial_bayou_shore_b
Lair:5:   layout_long_grid, minivault_11
Lair:6:   minmay_lair_end_enchanted_forest, layout_loops_ring,
          minmay_slime_entry_jelly_boxes, grunt_megastairs_4,
          lemuel_fruit_fields, infiniplex_staircase_pool
Orc:1:    layout_diamond_mine

Skill      XL: |  1  2  3  4  5  6  7  8  9 10 11 12 13 |
---------------+----------------------------------------+-----
Fighting       | 2 3 4 5 6 7 8 9 10 | 10.3
Armour         | 1 2 3 4 5 |  5.0
Shields        | 2 4 |  4.0
Evocations     | 3 4 6 |  6.0
Dodging        | 1 3 4 |  4.6
Unarmed Combat | 1 5 7 9 10 | 10.0
Transmutations | 4 7 9 |  9.0
Earth Magic    | 4 7 9 |  9.0
Short Blades   | |  1.7
Throwing       | |  1.7
Stealth        | |  4.8

Action                   |  1- 3 |  4- 6 |  7- 9 | 10-12 | 13-15 || total
-------------------------+-------+-------+-------+-------+-------++-------
Melee: Whip              |    60 |   244 |   347 |       |       ||   651
       Bite              |    17 |    87 |   214 |   432 |    86 ||   836
       Unarmed           |       |       |   199 |   945 |   190 ||  1334
Throw: Dart              |    50 |    45 |   200 |    39 |     2 ||   336
       Boomerang         |    29 |       |       |    10 |       ||    39
       Stone             |     1 |    22 |     5 |       |     5 ||    33
Invok: Curse Item        |       |       |     2 |     1 |     2 ||     5
 Abil: Evoke Invisibilit |       |       |       |     1 |     6 ||     7
Evoke: Wand              |       |     7 |    15 |    16 |       ||    38
  Use: Scroll            |     7 |     3 |     9 |     8 |     2 ||    29
       Potion            |       |       |     1 |     6 |       ||     7
 Stab: Sleeping          |     2 |     3 |     4 |     8 |     2 ||    19
       Paralysed         |       |     8 |       |       |       ||     8
       Invisible         |       |       |       |     2 |    14 ||    16
       Distracted        |       |       |       |     1 |       ||     1
Armor: Leather armour    |    14 |       |       |       |       ||    14
       Robe              |     3 |       |       |       |       ||     3
       Ring mail         |    17 |    55 |    22 |   266 |    59 ||   419
       Scale mail        |       |    24 |   197 |       |       ||   221
Dodge: Dodged            |    47 |   101 |   258 |   547 |   118 ||  1071
Block: Buckler           |    12 |    64 |   212 |   287 |    58 ||   633

Table legend: (Time is in decaauts)
 A = Elapsed time spent in this place.
 B = Non-inter-level travel time spent in this place.
 C = Inter-level travel time spent in this place.
 D = Time resting spent in this place.
 E = Time spent auto-exploring this place.
 F = Levels seen in this place.
 G = Mean time per level.
                   A        B        C        D        E       F      G
               +--------+--------+--------+--------+--------+-----+--------+
         Total |  16150 |  15213 |    937 |   1093 |   9673 |  19 |  850.0 |
       Dungeon |  11736 |  10896 |    840 |    827 |   6677 |  11 | 1066.9 |
        Temple |      2 |      2 |      0 |      0 |      0 |   1 |    2.0 |
          Lair |   4395 |   4298 |     97 |    265 |   2996 |   6 |  732.5 |
  Orcish Mines |     15 |     15 |      0 |      0 |      0 |   1 |   15.0 |
               +--------+--------+--------+--------+--------+-----+--------+

Top non-repeatable levels by time:
     D:1: 1304 daAuts
     D:3: 1296 daAuts
     D:6: 1222 daAuts
  Lair:1: 1174 daAuts
    D:10: 1149 daAuts
     D:2: 1120 daAuts
    D:11: 1078 daAuts
     D:7: 1073 daAuts
     D:4: 1056 daAuts
  Lair:4: 1031 daAuts
     D:9: 1027 daAuts
  Lair:5: 891 daAuts
     D:5: 822 daAuts
  Lair:2: 759 daAuts
     D:8: 584 daAuts
